 Dungeon Crawl Stone Soup version 0.29.1-15-g9cfb28693d (webtiles) character file.

Game seed: 6808699877866852759

39677 Erymatos the Severer (level 13, -3/122 HPs)
             Began as a Minotaur Berserker on Apr 27, 2023.
             Was a Priest of Trog.
             Slain by a catoblepas (11 damage)
             ... while petrified by a catoblepas
             ... on level 3 of the Lair of Beasts.
             The game lasted 00:46:04 (20135 turns).

Erymatos the Severer (Minotaur Berserker)          Turns: 20135, Time: 00:46:05

Health: -3/122     AC: 14    Str: 27    XL:     13   Next: 70%
Magic:  12/12      EV:  2    Int:  4    God:    Trog [***...]
Gold:   1092       SH:  0    Dex: 10    Spells: 12/12 levels left

rFire   + + .      SeeInvis .   d - +4 spear (freeze)
rCold   + . .      Faith    .   K - +0 kite shield
rNeg    + + +      Spirit   .   A - +0 steam dragon scales
rPois   ∞          Reflect  .   (helmet restricted)
rElec   .          Harm     .   v - scarf {rC+ rF+}
rCorr   .          Rampage  .   R - +2 pair of gloves
Will    .....                   (no boots)
Stlth   +.........              u - amulet of regeneration
HPRegen 1.10/turn               a - +4 ring of protection
MPRegen 0.13/turn               E - ring of protection from fire

@: petrified, on berserk cooldown, slowed
A: horns 2, retaliatory headbutt
a: Renounce Religion, Berserk, Trog's Hand


You were on level 3 of the Lair of Beasts.
You worshipped Trog.
Trog was most pleased with you.
You visited 2 branches of the dungeon, and saw 16 of its levels.
You also visited: Ossuary.

You collected 1092 gold pieces.

Inventory:

Hand Weapons
 d - a +4 spear of freezing (weapon)
 k - a +0 vorpal hand axe
 q - a +4 battleaxe of electrocution
Missiles
 D - 2 throwing nets (quivered)
Armour
 b - +0 acid dragon scales
 v - a scarf of resistance (worn)
 x - a +0 cloak
 A - +0 steam dragon scales (worn)
 K - a +0 kite shield (worn)
 R - a +2 pair of gloves (worn)
Jewellery
 a - a +4 ring of protection (left hand)
 l - a ring of resist corrosion
 u - an amulet of regeneration (around neck)
 E - a ring of protection from fire (right hand)
 S - a ring of fire
Wands
 o - a wand of flame (52)
 H - a wand of charming (6)
 O - a wand of mindburst (5)
 Q - a wand of iceblast (10)
 V - a wand of quicksilver (2)
Scrolls
 e - 7 scrolls of poison
 g - 2 scrolls of identify
 h - 10 scrolls of teleportation
 j - 5 scrolls of enchant weapon
 n - a scroll of butterflies
 r - 3 scrolls of vulnerability
 t - 5 scrolls of enchant armour
 z - 4 scrolls of magic mapping
 F - 4 scrolls of blinking
 G - 4 scrolls of fear
 N - 2 scrolls of silence
 T - a scroll of immolation {unknown}
 U - a scroll of torment {unknown}
Potions
 c - a potion of brilliance {unknown}
 f - 4 potions of haste
 i - 3 potions of attraction {unknown}
 m - 7 potions of heal wounds
 p - 4 potions of lignification
 s - 6 potions of curing
 w - 7 potions of flight
 B - 2 potions of might {unknown}
 C - 4 potions of resistance {unknown}
 I - 3 potions of invisibility {unknown}
 J - 2 potions of ambrosia {unknown}
 L - 2 potions of magic {unknown}
 M - a potion of cancellation {unknown}
 P - a potion of mutation {unknown}
Miscellaneous
 y - a condenser vane


   Skills:
 + Level 13.4 Fighting
 + Level 15.2 Axes
 - Level 4.8 Throwing
 + Level 8.6 Armour
 + Level 12.7 Dodging
 + Level 12.3 Shields


You had 12 spell levels left.
You didn't know any spells.
Your spell library was empty.

Dungeon Overview and Level Annotations

Branches:
Dungeon (12/15)            Temple (0/1) D:4            Lair (4/5) D:8
  Snake (0/4) Lair:3        Slime (0/5) Lair:4          Orc (0/2) D:12
Ossuary (visited)
  Swamp: Lair:2-3    Shoals: Lair:2-3

Altars:
Ashenzari
Dithmenos
Gozag
Hepliaklqana
Makhleb
Ru
Sif Muna
Trog
Vehumet
Wu Jian
Xom
Jiyva

Shops:
D:7 *

Portals:
Abyss: D:6

Annotations:
D:6 2 transporters, LaMa's ghost, novice TrMo
D:9 2 transporters
D:10 2 transporters, sneaky's ghost, novice DgCj


Innate Abilities, Weirdness & Mutations

You have a pair of horns on your head.
You reflexively headbutt those who attack you in melee.


Message History

* * * LOW HITPOINT WARNING * * *
The eight-headed hydra bites you!
* * * LOW HITPOINT WARNING * * *
The eight-headed hydra bites you.
* * * LOW HITPOINT WARNING * * *
The eight-headed hydra bites you but does no damage.
The catoblepas breathes a plume of calcifying dust at you.
The blast of calcifying dust hits you but does no damage.
You are engulfed in calcifying dust.
The eight-headed hydra bites you!
* * * LOW HITPOINT WARNING * * *
The eight-headed hydra bites you but does no damage.
The eight-headed hydra bites you!
* * * LOW HITPOINT WARNING * * *
The eight-headed hydra bites you.
* * * LOW HITPOINT WARNING * * *
The eight-headed hydra bites you.
* * * LOW HITPOINT WARNING * * *
The eight-headed hydra bites you.
* * * LOW HITPOINT WARNING * * *
The eight-headed hydra bites you but does no damage.
The eight-headed hydra bites you.
* * * LOW HITPOINT WARNING * * *
The catoblepas gores you!
* * * LOW HITPOINT WARNING * * *
You are engulfed in calcifying dust.
You are no longer berserk.
You feel yourself slow down.
The eight-headed hydra bites you but does no damage.
The eight-headed hydra bites you.
* * * LOW HITPOINT WARNING * * *
The eight-headed hydra bites you. x2
The eight-headed hydra bites you but does no damage.
The eight-headed hydra bites you.
* * * LOW HITPOINT WARNING * * *
The eight-headed hydra bites you!
* * * LOW HITPOINT WARNING * * *
The eight-headed hydra bites you.
* * * LOW HITPOINT WARNING * * *
The catoblepas gores you!!
You die...

#...#.###. ..........#....#Y..#
......................###.####../
......................# ###..§#[.
......................## #?.§w ##
....................<..##########
..............P#~..P.............
.........(....~~~~~~.............
..............~~DY~~~............
##.#P.###....~~~@.P~~~...#..#####
...#####...~~~~§....~~~.....###.#
.......#P...)~§†..P~~~~..##......
#...........~~.~.>.P.~~...#......
...##..##..~~~.~..~..~~..##...##.
..P.#####...~~~.....~~~..##..##..
.............~~~..~~~~...........
..............~~~~~~~............
..........>....~~~~~.............


You could see a catoblepas and an eight-headed hydra.

Vanquished Creatures
  Rupert (Lair:4)
  3 entropy weavers (Lair:4)
  2 ghost crabs (Lair:4)
  2 boulder beetles
  4 two-headed ogres
  5 fire crabs (Lair:4)
  A cyclops (D:12)
  2 ugly things (D:12)
  A manticore (D:12)
  2 black mambas
  An apocalypse crab (Lair:4)
  2 torpor snails
  7 cane toads
  2 unseen horrors
  8 komodo dragons
  A rime drake (Lair:3)
  5 trolls
  A polar bear (Lair:3)
  Grinder (D:3)
  16 blink frogs
  4 hornets (Lair:2)
  A dream sheep (Lair:3)
  A shadow (D:11)
  Sigmund (D:3)
  A wraith (Ossuary)
  A vampire (D:12)
  6 wyverns
  43 yaks
  3 steam dragons
  3 vampire mosquitoes (D:10)
  3 basilisks
  4 acid dragons
  A naga (Lair:3)
  12 water moccasins
  2 orc warriors
  An ice beast (D:7)
  3 sky beasts
  9 wolves (Lair:1)
  An ogre (D:4)
  2 centaurs
  3 kobold brigands
  2 gnoll sergeants
  10 bullfrogs
  A necrophage (D:5)
  4 scorpions
  5 wights (D:8)
  9 killer bees
  4 howler monkeys
  5 orc priests
  A human zombie (Ossuary)
  6 jellies
  Crazy Yiuf (D:5)
  2 gnoll boudas
  2 hounds
  Jessica (D:2)
  5 iguanas
  14 orc wizards
  3 mummies (Ossuary)
  15 gnolls
  3 adders
  2 shadow imps
  An ufetubus (D:7)
  4 dart slugs
  25 orcs
  9 endoplasms
  A giant cockroach (D:4)
  9 goblins
  7 hobgoblins
  A jackal (D:1)
  25 kobolds
  4 quokkas
  8 ball pythons
  10 bats
  6 frilled lizards
  2 goblin zombies (Ossuary)
  2 hobgoblin zombies (Ossuary)
  3 kobold zombies (Ossuary)
  An orc zombie (Ossuary)
  6 rats
  A fire vortex (Lair:4)
392 creatures vanquished.

Vanquished Creatures (others)
  8 fungi
  45 plants
53 creatures vanquished.

Grand Total: 445 creatures vanquished

Notes
Turn   | Place    | Note
-------+----------+-------------------------------------------
     0 | D:1      | Erymatos the Minotaur Berserker began the quest for the
                  | Orb.
     0 | D:1      | Reached XP level 1. HP: 19/19 MP: 0/0
   215 | D:1      | Reached XP level 2. HP: 27/27 MP: 1/1
   235 | D:1      | Reached skill level 4 in Axes
   682 | D:1      | Reached XP level 3. HP: 32/33 MP: 2/2
   713 | D:1      | Reached ** piety under Trog
  1377 | D:2      | Noticed Jessica
  1388 | D:2      | Killed Jessica
  1389 | D:2      | Reached XP level 4. HP: 33/41 MP: 3/3
  1989 | D:3      | Reached skill level 5 in Axes
  1995 | D:3      | Found an opulent altar of Gozag.
  2056 | D:3      | Noticed Grinder
  2067 | D:3      | Paralysed by Grinder for 4 turns
  2073 | D:3      | Killed Grinder
  2074 | D:3      | Reached skill level 5 in Fighting
  2074 | D:3      | Reached skill level 6 in Axes
  2074 | D:3      | Reached XP level 5. HP: 14/48 MP: 4/4
  2074 | D:3      | Reached XP level 6. HP: 16/56 MP: 5/5
  2670 | D:3      | Found a faded altar of an unknown god.
  2837 | D:3      | Found an ornate altar of the Wu Jian Council.
  2943 | D:3      | Noticed Sigmund
  2954 | D:3      | Killed Sigmund
  3156 | D:3      | Found a sacrificial altar of Ru.
  3170 | D:3      | Found a large runed translucent door.
  3171 | D:3      | Found a large runed translucent door.
  3195 | D:3      | Found a bloodstained altar of Trog.
  3664 | D:3      | Found a radiant altar of Vehumet.
  3673 | D:3      | Found a hazy altar of Hepliaklqana.
  3869 | D:4      | Found a staircase to the Ecumenical Temple.
  4503 | D:4      | Reached XP level 7. HP: 61/61 MP: 6/6
  4591 | D:4      | Reached skill level 5 in Armour
  5093 | D:5      | Entered Level 5 of the Dungeon
  5130 | D:5      | Reached skill level 7 in Axes
  5536 | D:5      | Reached XP level 8. HP: 61/70 MP: 7/7
  5894 | D:5      | Found a runed translucent door.
  5895 | D:5      | Noticed Crazy Yiuf
  6010 | D:5      | Killed Crazy Yiuf
  6084 | D:6      | Found a transporter.
  6086 | D:6      | Noticed a small abomination
  6087 | D:6      | Noticed a green ugly thing
  6103 | D:6      | Noticed LaMa's ghost (novice TrMo)
  6113 | D:6      | Reached skill level 8 in Axes
  6475 | D:6      | Found a burning altar of Makhleb.
  6508 | D:6      | Reached skill level 5 in Dodging
  6581 | D:6      | Found a transporter.
  6592 | D:6      | Found a one-way gate to the infinite horrors of the Abyss.
  6890 | D:6      | Reached skill level 9 in Axes
  6903 | D:6      | Reached *** piety under Trog
  7248 | D:7      | Found Cosuym's Assorted Antiques.
  7274 | D:7      | Reached XP level 9. HP: 78/78 MP: 8/8
  7324 | D:7      | HP: 3/78 [poisoned by a water moccasin]
  7653 | D:7      | Reached skill level 10 in Axes
  7720 | D:7      | Reached skill level 11 in Axes
  8620 | D:8      | Found a sand-covered staircase.
  8625 | Ossuary  | Entered an ossuary
  9247 | D:8      | Found a staircase to the Lair.
  9300 | D:8      | Noticed a two-headed ogre
  9316 | Lair:1   | Entered Level 1 of the Lair of Beasts
  9318 | Lair:1   | Noticed a cane toad
  9323 | Lair:1   | Reached XP level 10. HP: 90/90 MP: 9/9
  9327 | Lair:1   | Reached skill level 12 in Axes
  9329 | Lair:1   | Killed a cane toad
  9330 | Lair:1   | Reached skill level 1 in Shields
  9611 | Lair:1   | Reached skill level 13 in Axes
 10042 | Lair:1   | Noticed a cane toad
 10047 | Lair:1   | Killed a cane toad
 10542 | Lair:2   | Paralysed by a hornet for 2 turns
 10547 | Lair:2   | Reached XP level 11. HP: 53/99 MP: 10/10
 10645 | Lair:2   | Reached skill level 10 in Fighting
 10659 | Lair:2   | Reached skill level 5 in Shields
 11539 | Lair:2   | Reached skill level 14 in Axes
 12184 | Lair:3   | Reached skill level 1 in Throwing
 12314 | Lair:3   | Noticed a boulder beetle
 12749 | D:8      | Killed a two-headed ogre
 13038 | D:8      | Found a shimmering blue altar of Sif Muna.
 13393 | D:9      | Reached **** piety under Trog
 13446 | D:9      | Found a shadowy altar of Dithmenos.
 13512 | D:9      | Found a shimmering altar of Xom.
 13712 | D:9      | Reached XP level 12. HP: 110/110 MP: 11/11
 13896 | D:9      | Found a broken altar of Ashenzari.
 13935 | D:9      | Found a transporter.
 13961 | D:9      | Found a transporter.
 14114 | D:10     | Entered Level 10 of the Dungeon
 14116 | D:10     | Found a transporter.
 14117 | D:10     | Noticed sneaky's ghost (novice DgCj)
 14117 | D:10     | Noticed a two-headed ogre
 14118 | D:10     | Found a transporter.
 14118 | D:10     | Noticed a two-headed ogre
 14118 | D:10     | Noticed a two-headed ogre
 14119 | D:10     | Identified the +5 great mace of the Golden God {spect,
                  | Int+3}
 14119 | D:10     | Identified the +11 giant club "Ogre's Death Toll" {vamp,
                  | rPois Str+5}
 14119 | D:10     | Noticed a two-headed ogre
 15038 | D:11     | Noticed a two-headed ogre
 15050 | D:11     | Killed a two-headed ogre
 15051 | D:11     | Reached skill level 10 in Dodging
 15246 | D:11     | Noticed a two-headed ogre
 15262 | D:11     | Killed a two-headed ogre
 15937 | D:12     | Noticed a two-headed ogre
 15945 | D:12     | Killed a two-headed ogre
 16288 | D:12     | Noticed a boulder beetle
 16306 | D:12     | Killed a boulder beetle
 16372 | D:12     | Found a staircase to the Orcish Mines.
 16699 | Lair:3   | Reached skill level 10 in Shields
 16867 | Lair:3   | Reached skill level 15 in Axes
 16913 | Lair:3   | Found a staircase to the Snake Pit.
 17034 | Lair:3   | Killed a boulder beetle
 17035 | Lair:3   | Reached XP level 13. HP: 91/118 MP: 12/12
 17740 | Lair:4   | Noticed Rupert
 17761 | Lair:4   | Killed Rupert
 17924 | Lair:4   | Found a runed translucent door.
 18067 | Lair:4   | Found a viscous altar of Jiyva.
 18067 | Lair:4   | Found a staircase to the Slime Pits.
 18685 | Lair:4   | Noticed an entropy weaver
 18998 | Lair:4   | Killed an entropy weaver
 19554 | Lair:4   | Noticed an entropy weaver
 19568 | Lair:4   | Killed an entropy weaver
 19899 | Lair:4   | Noticed an entropy weaver
 19909 | Lair:4   | Killed an entropy weaver
 20135 | Lair:3   | Slain by a catoblepas

Illustrated notes

Levels and vault maps discovered:
D:1:      dpeg_arrival_rhombi, layout_basic, hangedman_decor_slide_cut,
          minmay_pentomino_o4
D:2:      minmay_spotlight, layout_loops_ring, kennysheep_decorative_pillar,
          uniq_jessica
D:3:      layout_basic, nicolae_ru_the_path_less_chosen,
          grunt_gozag_breadcrumbs, nicolae_wu_jian_wuxing_cycle,
          trog_hazing_becter, jmf_multi_god_temple2, serial_co_window_serial,
          co_window_paths_b, co_window_corner_a, co_window_paths_a,
          co_window_of_opportunity_a, co_window_of_opportunity_a,
          co_window_corner_a, co_window_corner_a, co_window_corner_a,
          co_window_paths_b, co_window_corner_cb, co_window_2corner,
          co_window_of_opportunity_b, co_window_paths_c, glass_columns_b,
          glass_columns_c, glass_columns_b, basic_ecumenical_altar,
          uniq_sigmund, uniq_grinder
D:4:      layout_gridville, minmay_temple_entry_large_hall
D:5:      layout_loops_corners, glass_columns_c, minmay_manual_maat,
          uniq_crazy_yiuf_cottage
D:6:      layout_gridville, mainiacjoe_overflow_alcove_4,
          gammafunk_ghost_abyssal_escape, lexackson_kobold_supper
D:7:      layout_basic, serial_shops, shop, serial_corexii_hall,
          chequers_hall_statues_y, corexii_hall_statues_s
D:8:      layout_gridville, mainiacjoe_overflow_alcove_1, lair_entry_dummy,
          enter_ossuary_2
D:9:      layout_long_grid, kennysheep_little_box, lemuel_doored_altar,
          lemuel_crystal_altar, reono_crystal_passage, nicolae_diode_stairs
D:10:     layout_long_grid, gammafunk_ghost_smash
D:11:     layout_roguey
D:12:     layout_basic, orc_0_dummy
Lair:1:   layout_roguey, serial_rivers, chequers_serial_rivers_large_b,
          chequers_serial_rivers_room_a, chequers_serial_rivers_room_b,
          chequers_serial_rivers_micro_d, chequers_serial_rivers_large_a,
          chequers_serial_rivers_small_a, gauntlet_entry_generic, minivault_25
Lair:2:   wad_woods_structure_01, layout_big_grid, dreamdust_wasp_nest
Lair:3:   layout_regular_city, minmay_shoals_entry_hut,
          guppyfry_snake_entry_island, hangedman_lair_generics_rect
Lair:4:   gammafunk_mikee_crab_dinner, layout_gridlike, dpeg_slime_entry_corner,
          uniq_rupert

Skill      XL: |  1  2  3  4  5  6  7  8  9 10 11 12 13 |
---------------+----------------------------------------+-----
Fighting       | 4 5 6 8 9 11 12 13 | 13.4
Axes           | 4 6 7 9 11 13 14 15 | 15.2
Dodging        | 3 4 5 6 8 9 11 12 | 12.7
Armour         | 3 4 6 8 |  8.6
Shields        | 4 8 10 12 | 12.3
Throwing       | 2 4 |  4.8

Action                   |  1- 3 |  4- 6 |  7- 9 | 10-12 | 13-15 || total
-------------------------+-------+-------+-------+-------+-------++-------
Melee: Hand axe          |    75 |    93 |   321 |   926 |    32 ||  1447
       Headbutt          |     9 |    19 |    61 |   240 |    84 ||   413
       Punch             |     1 |       |     3 |       |       ||     4
       Spear             |       |       |       |       |   294 ||   294
Invok: Berserk           |       |     4 |    14 |    27 |     9 ||    54
       Trog's Hand       |       |       |     3 |    11 |     5 ||    19
  Use: Scroll            |       |       |     8 |       |     9 ||    17
       Potion            |       |       |     2 |     6 |     2 ||    10
 Stab: Sleeping          |     1 |       |       |       |       ||     1
Armor: Animal skin       |    12 |       |       |       |       ||    12
       Ring mail         |    13 |    27 |    64 |       |       ||   104
       Steam dragon scal |       |       |    21 |   209 |   113 ||   343
Dodge: Dodged            |    48 |    53 |   131 |   320 |   112 ||   664
Block: Kite shield       |       |       |    18 |   288 |   134 ||   440
